cohdb
Replays
Latest Replays
All Replays
Popular Replays
Top Player Replays
Match Explorer
How It Works
Community
CoH3 Stats
Reddit
Sign in to upload your games and track your stats! →
Sign in with Steam
Match 30853917
Unlisted
Match 30853917
Overview
Messages
Build Orders
End
Kradschützen Motorcycle Team
Panzergrenadier Squad
Panzergrenadier Squad
Selects Italian Infantry
Construct Light Support Kompanie
MG34 Team
Panzerjäger Squad
Fire Support Elements
2.5-tonne Medical Truck
le.IG 18 Mechanized Group
Selects Guastatori Squad
Guastatori Squad
Construct Panzerarmee Kommand
Panzer III L Medium Tank
Vehicle Survival Package
Selects Defensive Operations
Selects Prepared Positions
Armored Reserves
Selects Obice 305mm Barrage
Panzer IV Assault Group
Obice 305mm Barrage
Pak 38 Anti-tank Gun Team
Selects L6/40 Light Tank Combat Group
Selects Towed Cannone da 105/28 Field Howitzer
Panzer IV Assault Group
Tungsten Core Ammunition
2.5-tonne Medical Truck
Obice 305mm Barrage
Panzer IV Assault Group
Broly19HS
your uncle master
Weiss
Stug III
Dealer
water
0
0
Comments
sign in to comment!
No comments posted yet!